 Dungeon Crawl Stone Soup version 0.31-a0-460-g9e667d4245 (webtiles) character file.

Game seed: 121223918094708326

2814 lessens the Cleaver (level 9, -3/66 HPs)
             Began as a Demonspawn Fighter on Aug 4, 2023.
             Was a Follower of Okawaru.
             Killed by vampiric draining
             ... invoked by a vampire
              (14 damage)
             ... on level 7 of the Dungeon.
             The game lasted 00:11:03 (7237 turns).

lessens the Cleaver (Demonspawn Fighter)            Turns: 7237, Time: 00:11:03

Health: -3/66      AC:  9    Str: 21    XL:     9   Next: 44%
Magic:  9/9        EV:  9    Int:  9    God:    Okawaru [*.....]
Gold:   246        SH: 10    Dex: 13    Spells: 8/8 levels left

rFire   . . .        b - +1 mace "Icorchano" {elec, rElec rPois}
rCold   . . .        c - +0 buckler
rNeg    . . .        p - +0 scale mail
rPois   +            (helmet restricted)
rElec   +            (no cloak)
rCorr   .            H - +1 pair of gloves
SInv    .            h - +0 pair of boots
Will    .....        (no amulet) Stlth
                     (no ring)
HPRegen 0.31/turn    (no ring)
MPRegen 0.22/turn

%: no passive effects
@: no status effects
A: antennae 2, large bone plates 2, magic regeneration
a: Renounce Religion, Heroism


You were on level 7 of the Dungeon.
You worshipped Okawaru.
Okawaru was aware of your devotion.
You visited 2 branches of the dungeon, and saw 8 of its levels.

You collected 396 gold pieces.
You spent 150 gold pieces at shops.

Inventory:

Hand Weapons
 a - a +1 whip of venom
 b - the +1 mace "Icorchano" (weapon) {elec, rElec rPois}
   (You found it on level 2 of the Dungeon)

   rElec:     It insulates you from electricity.
   rPois:     It protects you from poison.
 j - a +0 war axe
Missiles
 e - 24 poisoned darts
 g - 57 stones
 B - 6 boomerangs
 F - 3 javelins
Armour
 c - a +0 buckler (worn)
 h - a +0 pair of boots (worn)
 p - a +0 scale mail (worn)
 H - a +1 pair of gloves (worn)
Wands
 w - a wand of paralysis (8)
 A - a wand of mindburst (11)
Scrolls
 f - a scroll of identify
 i - a scroll of teleportation
 k - a scroll of revelation
 n - 2 scrolls of fear
 o - a scroll of enchant weapon {unknown}
 q - a scroll of vulnerability {unknown}
 r - a scroll of immolation {unknown}
 u - a scroll of noise {unknown}
 v - 2 scrolls of brand weapon
 x - a scroll of poison {unknown}
 y - a scroll of fog {unknown}
 z - a scroll of torment {unknown}
 E - a scroll of blinking
Potions
 d - a potion of might
 l - a potion of attraction {unknown}
 m - a potion of curing
 s - 2 potions of heal wounds
 C - a potion of enlightenment {unknown}
 D - 2 potions of invisibility
 G - a potion of haste {unknown}


   Skills:
 + Level 4.5 Fighting
 * Level 11.6 Axes
 - Level 2.6 Armour
 - Level 2.6 Shields


You had 8 spell levels left.
You didn't know any spells.
Your spell library contained the following spells:

 Spells                   Type           Power      Damage    Failure   Level
 Apportation              Tloc           0%         N/A       80%         1
 Necrotise                Necr           0%         1d4       80%         1
 Static Discharge         Conj/Air       0%         2-2/arc   91%         2
 Gell's Gravitas          Tloc           0%         N/A       99%         3
 Teleport Other           Tloc           0%         N/A       99%         3
 Airstrike                Air            0%         2d(0-16)  100%        4
 Dispersal                Tloc           0%         N/A       100%        6
 Summon Small Mammal      Summ           Unusable   N/A       N/A         1
 Summon Lightning Spire   Summ/Air       Unusable   N/A       N/A         4

Dungeon Overview and Level Annotations

Branches:
Dungeon (7/15) Zot: 26479  Temple (1/1) D:5 Zot: 5955

Altars:
Ashenzari
Cheibriados
Dithmenos
Fedhas
Gozag
Hepliaklqana
Kikubaaqudgha
Makhleb
Okawaru
Qazlal
Ru
Sif Muna
Trog
Uskayaw
Vehumet
Wu Jian
Xom
Yredelemnul

Shops:
D:2 [   D:5 ?


Innate Abilities, Weirdness & Mutations

You have a pair of antennae on your head.
You are mostly covered in large bone plates. (SH +6)
You regenerate magic rapidly.


Message History

You kill the orc!
Okawaru accepts your kill.
B - 6 boomerangs (gained 3)
Items here: ))) [[[ †.
Aiming: Mindburst
Press: ? - help, Shift-Dir - straight line, f - vampire
Aim: a vampire, wearing a ring of magical power (chance to affect: 47%)
The vampire's mind is blasted!!
You hear a shout! x2
The vampire hits you.
The vampire bites you but does no damage.
Aiming: Mindburst
Press: ? - help, Shift-Dir - straight line, f/p - vampire
Aim: a vampire, wearing a ring of magical power (heavily damaged, chance to affect: 47%)
The vampire's mind is blasted!
The vampire mumbles some strange words.
The vampire flickers and vanishes!
Deactivating autopickup; reactivate with Ctrl-A.
Aiming: Mindburst
Press: ? - help, Shift-Dir - straight line, f - you Nothing appears to happen.
Something hits you! You block something's attack.
Aiming: Mindburst
Press: ? - help, Shift-Dir - straight line, f - you Nothing appears to happen.
Something hits you! You block something's attack.
Your +1 whip of venom stops dripping with poison.
You hear the crackle of electricity.
b - the +1 mace "Icorchano" (weapon)
{elec, rElec rPois} Something hits you but does no damage.
You block something's attack.
You miss something.
You hear a shout!
Something draws life force from you!
You barely miss something. Something draws life force from you!!
* * * LOW HITPOINT WARNING * * *
You hit something.
You hear some strange, mumbled words.
Something tries to affect you, but you resist.
Aiming: Mindburst
Press: ? - help, Shift-Dir - straight line, f - you Something's mind is blasted!!
Something draws life force from you!
You die...

,,,,,,..≈##.##o.# *.#..##,**,,,*
,,,,,,.,~#..,#o.# *......,,,,***
******,,~#.∩,#~o####[..#**,****
#..≈#.g.#~.†K....##**,*
#..~#####~.##......#*,*
##.~≈~~~≈~{.{..>##..#,****
##..........#..##**,.,,,,***
################{..###***,,,,,,,
#...#######...)@.....#******,,,,
#..K#######[###.####....,,,,,*,,
#...#######.###.#####...,,,,**,,
#...............####,,..,,,,**,*
#...####..###.......,*,,,,,,**,,
##...####.......##.##**,,,,,,***,
#....).))<####..##...**,.....,,,,
#...<..)######.#####.,*,,....#***
#....)..###....######,,..,..o.*


There were no monsters in sight!

Vanquished Creatures
  A komodo dragon (D:7)
  Sigmund (D:4)
  A shadow (D:7)
  Edmund (D:4)
  A water moccasin (D:5)
  An ice beast (D:5)
  3 ogres
  2 centaurs
  A phantom (D:5)
  2 kobold brigands
  3 bullfrogs (D:6)
  5 scorpions
  3 wights (D:6)
  2 howler monkeys
  An orc priest (D:5)
  An iguana (D:6)
  2 scorpion zombies (D:3)
  5 orc wizards
  2 hound zombies (D:3)
  A hound skeleton (D:3)
  Robin (D:4)
  8 gnolls
  9 adders
  A white imp (D:6)
  5 adder skeletons (D:3)
  4 worms
  22 orcs
  11 ball pythons
  4 endoplasms
  6 giant cockroaches
  10 hobgoblins
  4 jackals (D:3)
  11 kobolds
  2 quokkas
  A ball python zombie (D:3)
  7 bats
  3 frilled lizards (D:1)
  12 goblins
  3 rats (D:1)
163 creatures vanquished.

Notes
Turn   | Place    | Note
-------+----------+-------------------------------------------
     0 | D:1      | lessens the Demonspawn Fighter began the quest for the Orb.
     0 | D:1      | Reached XP level 1. HP: 18/18 MP: 1/1
    56 | D:1      | Reached skill level 2 in Axes
   194 | D:1      | Gained mutation: You have a pair of small antennae on your
                  | head. [demonic ancestry]
   194 | D:1      | Reached XP level 2. HP: 21/24 MP: 2/2
   595 | D:1      | Reached skill level 3 in Axes
   821 | D:1      | Reached XP level 3. HP: 25/29 MP: 3/3
  1195 | D:2      | Found Pebreborch's Antique Armour Shoppe.
  1207 | D:2      | Identified the +1 mace "Icorchano" {elec, rElec rPois}
  1629 | D:3      | Reached skill level 4 in Axes
  1629 | D:3      | Gained mutation: You have a pair of antennae on your head.
                  | [demonic ancestry]
  1629 | D:3      | Reached XP level 4. HP: 35/35 MP: 4/4
  1854 | D:3      | Gained mutation: You are partially covered in large bone
                  | plates. (SH +4) [demonic ancestry]
  1854 | D:3      | Reached XP level 5. HP: 38/41 MP: 5/5
  2003 | D:3      | Reached skill level 5 in Axes
  2574 | D:3      | Reached XP level 6. HP: 47/47 MP: 6/6
  2729 | D:4      | Noticed Robin
  2757 | D:4      | Killed Robin
  2758 | D:4      | Reached skill level 6 in Axes
  3324 | D:4      | Noticed Edmund
  3336 | D:4      | Killed Edmund
  3337 | D:4      | Reached skill level 7 in Axes
  3337 | D:4      | Reached XP level 7. HP: 38/52 MP: 7/7
  3392 | D:4      | Noticed Sigmund
  3413 | D:4      | Killed Sigmund
  3722 | D:4      | Reached skill level 8 in Axes
  3924 | D:5      | Entered Level 5 of the Dungeon
  4269 | D:5      | Gained mutation: You regenerate magic rapidly. [demonic
                  | ancestry]
  4269 | D:5      | Reached XP level 8. HP: 58/58 MP: 8/8
  4287 | D:5      | Reached skill level 9 in Axes
  4448 | D:5      | Found Relobos's Magic Scroll Emporium.
  4457 | D:5      | Bought a scroll of blinking for 90 gold pieces
  4457 | D:5      | Bought a scroll of identify for 24 gold pieces
  4457 | D:5      | Bought a scroll of teleportation for 36 gold pieces
  4501 | D:5      | HP: 2/58 [water moccasin (6)]
  4878 | D:5      | Reached skill level 10 in Axes
  5093 | D:5      | Found a staircase to the Ecumenical Temple.
  6345 | D:6      | Gained mutation: You are mostly covered in large bone
                  | plates. (SH +6) [demonic ancestry]
  6345 | D:6      | Reached XP level 9. HP: 52/63 MP: 9/9
  6413 | Temple   | Entered the Ecumenical Temple
  6435 | Temple   | Became a worshipper of Warmaster Okawaru
  6720 | D:7      | Reached skill level 11 in Axes
  7165 | D:7      | Noticed a komodo dragon
  7180 | D:7      | Killed a komodo dragon
  7222 | D:7      | Reached * piety under Okawaru
  7237 | D:7      | Killed from afar by a vampire

Illustrated notes

Levels and vault maps discovered:
D:1:      lightli_arrival_chessboard, layout_basic, roderic_serpentine_path
D:2:      layout_rooms, serial_shops, nicolae_square_shop, corexii_shack
D:3:      layout_basic, serial_undead, serial_undead_c, serial_undead_b,
          serial_undead_a, serial_undead_b, serial_undead_b, serial_undead_f
D:4:      layout_loops_ring, minmay_misc_feat_four_crosses,
          sigmund_edmund_badplayer, uniq_robin
D:5:      layout_rooms, minmay_temple_entry_overgrown, serial_shops,
          nicolae_lakefront_shop, kennysheep_nondescript
D:6:      layout_layer_cave
D:7:      layout_rooms, nemelex_dance_club_becter, enter_bailey_3, uniq_duvessa
Temple:   mainiacjoe_temple_circle_huts

Skill      XL: |  1  2  3  4  5  6  7  8  9 |
---------------+----------------------------+-----
Axes           | 2 3 4 5 7 8 10 11 | 11.6
Fighting       | 4 |  4.5
Armour         | |  2.6
Shields        | |  2.6

Action                     |  1- 3 |  4- 6 |  7- 9 || total
---------------------------+-------+-------+-------++-------
  Melee: War axe           |    71 |       |       ||    71
         Whip              |    55 |   153 |   272 ||   480
         Mace              |       |    59 |    75 ||   134
  Evoke: Wand              |       |       |     6 ||     6
    Use: Potion            |       |       |     5 ||     5
         Scroll            |       |       |     8 ||     8
   Stab: Paralysed         |       |       |     7 ||     7
 Armour: Scale mail        |    72 |    67 |   105 ||   244
  Dodge: Dodged            |    60 |    79 |    97 ||   236
  Block: Buckler           |    31 |    62 |   139 ||   232

Table legend: (Time is in decaauts)
 A = Elapsed time spent in this place.
 B = Non-inter-level travel time spent in this place.
 C = Inter-level travel time spent in this place.
 D = Time resting spent in this place.
 E = Time spent auto-exploring this place.
 F = Levels seen in this place.
 G = Mean time per level.
                   A        B        C        D        E       F      G
               +--------+--------+--------+--------+--------+-----+--------+
         Total |   7231 |   6883 |    348 |   1107 |   4364 |   8 |  903.9 |
       Dungeon |   7186 |   6861 |    325 |   1107 |   4364 |   7 | 1026.6 |
        Temple |     44 |     22 |     22 |      0 |      0 |   1 |   44.0 |
               +--------+--------+--------+--------+--------+-----+--------+

Top non-repeatable levels by time:
     D:4: 1532 daAuts
     D:6: 1344 daAuts
     D:5: 1305 daAuts
     D:3: 1012 daAuts
     D:1: 933 daAuts
     D:2: 710 daAuts
     D:7: 347 daAuts
  Temple: 44 daAuts

Levels and vault maps discovered:
D:1:      lightli_arrival_chessboard, layout_basic, roderic_serpentine_path
D:2:      layout_rooms, serial_shops, nicolae_square_shop, corexii_shack
D:3:      layout_basic, serial_undead, serial_undead_c, serial_undead_b,
          serial_undead_a, serial_undead_b, serial_undead_b, serial_undead_f
D:4:      layout_loops_ring, minmay_misc_feat_four_crosses,
          sigmund_edmund_badplayer, uniq_robin
D:5:      layout_rooms, minmay_temple_entry_overgrown, serial_shops,
          nicolae_lakefront_shop, kennysheep_nondescript
D:6:      layout_layer_cave
D:7:      layout_rooms, nemelex_dance_club_becter, enter_bailey_3, uniq_duvessa
Temple:   mainiacjoe_temple_circle_huts
